 Dungeon Crawl Stone Soup version 0.20-a0-1040-gfd09691 (console) character file.

89 nht the Bolt Thrower (level 4, 0/39 HPs)
             Began as a Deep Dwarf Hunter on Apr 23, 2017.
             Killed from afar by an orc wizard (5 damage)
             ... with a magic dart
             ... on level 3 of the Dungeon.
             The game lasted 00:04:03 (975 turns).

nht the Bolt Thrower (Deep Dwarf Hunter)             Turns: 975, Time: 00:04:03

Health: 0/39       AC:  9    Str: 15 (16) XL:     4   Next: 31%
Magic:  4/4        EV:  6    Int: 10 (12) God:
Gold:   68         SH:  0    Dex: 10 (13) Spells: 3/3 levels left

rFire    + . .     SeeInvis .   a - +1 hand crossbow
rCold    + . .     Gourm    .   (no shield)
rNeg     . . .     Faith    .   q - +0 chain mail
rPois    +         Spirit   .   (no helmet)
rElec    +         Reflect  .   (no cloak)
rCorr    +         Harm     .   k - +0 pair of gloves
MR       .....                  (no boots)
Stlth    ..........             (no amulet)
Regen    0.0/turn               (no ring)
MPRegen  0.1/turn               (no ring)

@: lethally poisoned (0 -> 0), resistant, non-regenerating
A: damage resistance, heal wounds, sense surroundings 1, no regeneration
a: Heal Wounds


You were on level 3 of the Dungeon.
You were not hungry.

You visited 1 branch of the dungeon, and saw 4 of its levels.

You collected 68 gold pieces.

Inventory:

Hand Weapons
 a - a +1 hand crossbow (weapon)
 e - a -1 hand axe
Missiles
 d - 12 bolts (quivered)
Armour
 k - a +0 pair of gloves (worn)
 q - a +0 chain mail (worn)
Magical Staves
 p - an uncursed staff of power {unknown}
Wands
 o - a wand of iceblast (9/15)
Scrolls
 h - a scroll of remove curse
 j - 2 scrolls of enchant weapon {unknown}
 m - a scroll of fog {unknown}
 n - a scroll of identify {unknown}
Comestibles
 f - 5 bread rations
 g - 5 chunks of flesh
 l - 2 meat rations


   Skills:
 - Level 1.7 Fighting
 + Level 6.4 Crossbows
 - Level 2.1 Dodging
 - Level 1.2 Stealth


You had 3 spell levels left.
You didn't know any spells.

Dungeon Overview and Level Annotations

Branches:
Dungeon (4/15)
 Temple: D:4-7

Altars:


Innate Abilities, Weirdness & Mutations

You are resistant to damage.
You can heal yourself by infusing magical energy.
You passively map a small area around you.
You do not regenerate.


Message History

Firing (i - inventory):
d - 15 bolts (quivered)
Press: ? - help, Shift-Dir - straight line, f/p - orc wizard
Aim: an orc wizard, wielding a dagger and wearing a robe (severely wounded, fast)
You shoot a bolt. The bolt closely misses the orc wizard.
The orc wizard hits you with a dagger.
* * * LOW HITPOINT WARNING * * *
Firing (i - inventory):
d - 14 bolts (quivered)
Press: ? - help, Shift-Dir - straight line, f/p - orc wizard
Aim: an orc wizard, wielding a dagger and wearing a robe (severely wounded, fast)
You shoot a bolt. The bolt closely misses the orc wizard.
The orc wizard barely misses you.
The orc wizard hits you but does no damage.
Firing (i - inventory):
d - 13 bolts (quivered)
Press: ? - help, Shift-Dir - straight line, f/p - orc wizard
Aim: an orc wizard, wielding a dagger and wearing a robe (severely wounded, fast)
You shoot a bolt. The bolt hits the orc wizard.
The orc wizard is almost dead.
The orc wizard gestures at you while chanting.
The magic dart hits you!
You die...

,███.███ ,
█.....█
██.[...███
..(.....█ .o█
.(..█.█ ,,
.r.o.█.(..██
█..ooo..█
,█.███o..█ ,
█@..█ , , █...█
.█.███...█
,.....((.[█
.█.......███████
█.(......[....█
, **
█(██...██████.█
* ... █...█ █>█
* ██* █..██ █.█


You could see 2 orc wizards and an orc.

Vanquished Creatures
  A worker ant (D:3)
  An adder (D:2)
  A gnoll (D:1)
  2 dart slugs (D:1)
  2 leopard geckos
  A bat (D:1)
  4 giant cockroaches
  5 hobgoblins
  5 jackals
  A quokka (D:4)
  2 frilled lizards
  4 goblins
  6 kobolds (D:1)
  5 rats (D:1)
40 creatures vanquished.

Notes
Turn   | Place    | Note
-------+----------+-------------------------------------------
     0 | D:1      | nht the Deep Dwarf Hunter began the quest for the Orb.
     0 | D:1      | Reached XP level 1. HP: 19/19 MP: 1/1
    91 | D:1      | Reached XP level 2. HP: 24/26 MP: 2/2
   149 | D:1      | Reached skill level 5 in Crossbows
   307 | D:1      | Reached XP level 3. HP: 14/32 MP: 3/3
   726 | D:2      | Reached skill level 6 in Crossbows
   847 | D:2      | You fall through a shaft for 2 floors!
   953 | D:3      | Reached XP level 4. HP: 7/39 MP: 4/4
   975 | D:3      | Killed from afar by an orc wizard

Vault maps used:
D:1:      minmay_arrival_split_and_join, supply_closet_lemuel,
          roderic_roman_lattice
D:2:      nicolae_qazlal_style_of_elements
D:3:      lemuel_coloured_pillars_altar, overflow_temple_1_default,
          nicolae_overflow_hidden_temple, serial_forest,
          infiniplex_forest_zigzag_1, infiniplex_forest_lined_1,
          infiniplex_forest_clump_cross, infiniplex_forest_lined_1,
          infiniplex_forest_corner_2, infiniplex_forest_end_1,
          infiniplex_forest_clump_medium
D:4:      uniq_ijyb

Skill      XL: |  1  2  3 |
---------------+----------+-----
Crossbows      | 5 6 |  6.4
Fighting       | |  1.7
Dodging        | |  2.1
Stealth        | |  1.2

Action                   |  1- 3 |  4- 6 || total
-------------------------+-------+-------++-------
 Fire: Hand crossbow     |   101 |    11 ||   112
  Use: Potion            |     2 |       ||     2
       Scroll            |     1 |       ||     1
Armor: Leather armour    |     9 |       ||     9
       Chain mail        |     6 |     1 ||     7
Dodge: Dodged            |    40 |     1 ||    41
